[Event "Late-Titled-Tuesday-Blitz-April-02-2024"]
[Site "Chess.com"]
[Date "2024.04.02"]
[Round "4"]
[White "Firouzja2003"]
[Black "vladislavkovalev"]
[Result "1-0"]
[WhiteElo "3099"]
[BlackElo "2878"]
[TimeControl "180+1"]
[EndTime "14:37:11 PDT"]
[Termination "Firouzja2003 won on time"]

1. e4 e5 2. Bb5 c6 3. Ba4 Nf6 4. Nc3 b5 5. Bb3 b4 6. Na4 Nxe4 7. Qe2 d5 8. d3 Nf6 9. Qxe5+ Qe7 10. Nf3 Nbd7 11.
Qxe7+ Bxe7 12. O-O O-O 13. Nd4 Bb7 14. Nf5 Rfe8 15.
Nxe7+ Rxe7 16. Be3 a5 17. a3 Ree8 18. axb4 axb4 19.
h3 h6 20. Bd4 Ra5 21. Nb6 Rxa1 22. Rxa1 c5 23. Ra7 cxd4 24. Nxd7 Nxd7 25. Rxb7 Nc5 26. Rxb4 Nxb3 27. Rxb3 Re1+ 28. Kh2 Re2 29. Rb8+ Kh7 30. Rc8 Rxf2 31. Rc5 f5 32. Kg3 Rd2 33. b4 g5 34. b5 Rd1 35. Rxd5 f4+ 36. Kf3 Rb1 37. Kg4 Rb2 38. Rc5 Kg6 39. Rc6+ Kf7 40. b6 1-0

[Event "Late-Titled-Tuesday-Blitz-April-02-2024"]
[Site "Chess.com"]
[Date "2024.04.02"]
[Round "4"]
[White "MikaelyanArman"]
[Black "maracayo"]
[Result "1-0"]
[WhiteElo "2811"]
[BlackElo "2402"]
[TimeControl "180+1"]
[EndTime "14:37:11 PDT"]
[Termination "MikaelyanArman won by resignation"]

1. e3 d6 2. b3 e5 3. Bb2 Nf6 4. Nf3 Nbd7 5. d4 e4 6. Nfd2 d5 7. c4 c6 8. Nc3 Bb4 9. a3 Bxc3 10.
Bxc3 O-O 11. Be2 a6 12. g4 b5 13. g5 Ne8 14. h4 f5 15. Qc2 f4 16. Rg1 Qc7 17.
Bb4 fxe3 18. fxe3 Qh2 19. O-O-O Qxe2 20. cxd5 cxd5 21. Qc6 Ra7 22. Qe6+ Kh8 23. Bxf8 Ndf6 24. Qxc8 Rc7+ 25. Qxc7 Nxc7 26. gxf6 g6 27. f7 Ne6 28. Bd6 Kg7 29. Rdf1 Qxe3 30. f8=Q+ Nxf8 31. Bxf8+ Kg8 32. Bc5 Qc3+ 33. Kd1 e3 34. Rg2 Qa1+ 35. Ke2 1-0

[Event "Late-Titled-Tuesday-Blitz-April-02-2024"]
[Site "Chess.com"]
[Date "2024.04.02"]
[Round "4"]
[White "LiemLe"]
[Black "ameetghasi100"]
[Result "1-0"]
[WhiteElo "3027"]
[BlackElo "2801"]
[TimeControl "180+1"]
[EndTime "14:37:12 PDT"]
[Termination "LiemLe won by resignation"]

1. Nf3 g6 2. c4 Bg7 3. d4 Nf6 4. Nc3 O-O 5. e4 d6 6. Be2 e5 7. O-O Bg4 8. d5 a5 9. Be3 Bxf3 10. Bxf3 Na6 11. a3 Nc5 12. Qc2 a4 13. Bxc5 dxc5 14. Nxa4 Qe7 15. Rab1 Ra7 16. b4 cxb4 17. axb4 Rfa8 18.
Nc3 b6 19. Rfd1 Ne8 20. g3 h5 21. h4 Ra3 22. Bg2 Bf8 23. Rb2 Qd7 24. Nb1 R3a4 25.
c5 Nf6 26. Nc3 Ra3 27. c6 Qd8 28. Nb5 R3a4 29. d6 Bxd6 30. Bh3 Ra1 31. Rbb1 Rxb1 32. Qxb1 Ne8 33. Bd7 Qe7 34. Bxe8 Rxe8 35. Nxd6 cxd6 36. Qd3 Rd8 37. Qa6 Qc7 38. b5 Kf8 39. Ra1 d5 40. Qa7 Qd6 41. Qxb6 dxe4 42. Rc1 Ke7 43. Qe3 Qd5 44.
b6 Rd6 45. b7 Rxc6 46. b8=Q Rxc1+ 47. Qxc1 e3 48. Qa7+ Kf6 49. Qaxe3 Kg7 50. Qc7 1-0

[Event "Late-Titled-Tuesday-Blitz-April-02-2024"]
[Site "Chess.com"]
[Date "2024.04.02"]
[Round "4"]
[White "sacrifoice"]
[Black "Inepton_Fermion"]
[Result "1-0"]
[WhiteElo "2292"]
[BlackElo "2452"]
[TimeControl "180+1"]
[EndTime "14:37:12 PDT"]
[Termination "sacrifoice won on time"]

1. e4 c5 2. Nf3 a6 3. c4 e6 4.
Nc3 Qc7 5. d4 cxd4 6. Nxd4 Nf6 7.
Bd3 Nc6 8. Nxc6 dxc6 9. O-O e5 10. Bg5 Be7 11. Na4 Be6 12. c5 O-O 13. Qe2 Rad8 14.
Bc4 Bxc4 15. Qxc4 Rd4 16. Qc2 Nxe4 17. Be3 Rxa4 18. Qxa4 Nxc5 19. Qc4 b5 20. Qc2 Ne6 21. a4 c5 22. axb5 axb5 23. Rfc1 Nd4 24. Bxd4 exd4 25.
Qd3 Qb6 26. b3 Bg5 27. Rc2 h6 28. g3 Rc8 29. Re1 Qa5 30. Re5 Qb4 31. Rd5 Bf6 32. Rd7 c4 33. Qf3 d3 34. Rxd3 Qe1+ 35. Kg2 Rc5 36.
bxc4 bxc4 37. Re3 Qb4 38. Re8+ Kh7 39. Qe4+ g6 40. Rf8 1-0

[Event "Late-Titled-Tuesday-Blitz-April-02-2024"]
[Site "Chess.com"]
[Date "2024.04.02"]
[Round "4"]
[White "Kostukov_Alex"]
[Black "Carlitus2004"]
[Result "0-1"]
[WhiteElo "2289"]
[BlackElo "2460"]
[TimeControl "180+1"]
[EndTime "14:37:15 PDT"]
[Termination "Carlitus2004 won on time"]

1. g3 d5 2. Bg2 e5 3. d3 Nc6 4.
e4 dxe4 5. dxe4 Qxd1+ 6. Kxd1 Bc5 7. f3 Be6 8. Nd2 O-O-O 9. Bh3 Bxh3 10. Nxh3 f6 11.
c3 a5 12. Ke2 Nge7 13. a4 Kb8 14. Nc4 Nc8 15. Be3 Bxe3 16. Nxe3 N6e7 17. Nf2 Nb6 18.
Nd3 Rd6 19. Rhd1 Rhd8 20. b3 Kc8 21. Nc5 g6 22. Rxd6 cxd6 23. Ne6 Re8 24. Ng7 Rg8 25. Ne6 Kd7 26. Nd4 exd4 27. cxd4 Rc8 28. h4 d5 29. h5 dxe4 30. fxe4 Ke6 31. hxg6 hxg6 32. Rh1 Rc3 33. Rb1 Kd7 34. Kd2 Rc8 35. Rh1 Nc6 36. Rh7+ Kd6 37.
Rxb7 Nd7 38. d5 Nce5 39. Ra7 Nc5 40. Nc4+ Nxc4+ 41. bxc4 Re8 42. Rxa5 Nb3+ 0-1

[Event "Late-Titled-Tuesday-Blitz-April-02-2024"]
[Site "Chess.com"]
[Date "2024.04.02"]
[Round "4"]
[White "VinzentSpitzl"]
[Black "Hirna2005"]
[Result "0-1"]
[WhiteElo "2524"]
[BlackElo "2328"]
[TimeControl "180+1"]
[EndTime "14:37:17 PDT"]
[Termination "Hirna2005 won on time"]

1. e4 g6 2. d4 Bg7 3. Nc3 d6 4. Be3 a6 5. a4 Nc6 6. h3 e5 7. Nge2 f5 8. dxe5 Nxe5 9. exf5 Bxf5 10. Nd4 Bd7 11. Be2 Ne7 12. O-O O-O 13. Qd2 Nf5 14.
Nxf5 Bxf5 15. Rae1 Be6 16. Nd5 Qd7 17. f4 Nf7 18. b3 Rae8 19. Bf3 c6 20. Nb6 Qd8 21. a5 d5 22. Na4 Nd6 23. Bb6 Qc8 24. Nc5 Bf5 25. Rxe8 Rxe8 26. Re1 h5 27. Kh2 Kh7 28. c4 Ne4 29. Bxe4 Bxe4 30. Nxe4 dxe4 31. Qe3 Qf5 32. Rd1 Re7 33. Rd8 Bh6 34. g3 h4 35.
Bd4 Bg7 36. g4 Bxd4 37. Rxd4 Qe6 0-1

[Event "Late-Titled-Tuesday-Blitz-April-02-2024"]
[Site "Chess.com"]
[Date "2024.04.02"]
[Round "4"]
[White "APOKALIPSA13"]
[Black "Sesleria"]
[Result "1-0"]
[WhiteElo "2291"]
[BlackElo "2150"]
[TimeControl "180+1"]
[EndTime "14:37:17 PDT"]
[Termination "APOKALIPSA13 won by resignation"]

1. e4 c5 2. Nf3 e6 3. d4 cxd4 4. Nxd4 a6 5. Nc3 Qc7 6. Be3 Nf6 7. h3 b5 8. Bd3 Bb7 9. a3 d5 10. Ncxb5 axb5 11. Nxb5 Qa5+ 12. Bd2 Qb6 13. Bf4 Na6 14. e5 Ne4 15. O-O Nac5 16. Be3 Qd8 17. Qg4 h5 18. Qf4 g5 19. Qh2 h4 20. b4 Nxd3 21. cxd3 Ba6 22. a4 Bxb5 23. axb5 Rxa1 24. Rxa1 Nc3 25. b6 Be7 26. b7 O-O 27. Ra8 Qc7 28. Bc5 Ne4 29. dxe4 Bxc5 30. bxc5 Qxb7 31. Rxf8+ Kxf8 32. g3 Qb1+ 33. Kg2 Qxe4+ 34. Kf1 Qxe5 35. c6 Ke7 36. Qg2 Qe4 37. Qxe4 d4 38. Qxd4 1-0

[Event "Late-Titled-Tuesday-Blitz-April-02-2024"]
[Site "Chess.com"]
[Date "2024.04.02"]
[Round "4"]
[White "SmirnovTimofey2000"]
[Black "NowInChess"]
[Result "0-1"]
[WhiteElo "1938"]
[BlackElo "2242"]
[TimeControl "180+1"]
[EndTime "14:37:17 PDT"]
[Termination "NowInChess won on time"]

1. e4 e6 2. d4 d5 3. Nc3 Nc6 4. exd5 exd5 5. Nf3 Nf6 6. h3 Bb4 7. Bg5 h6 8. Bh4 Bxc3+ 9. bxc3 Bf5 10. Bd3 Bxd3 11. Qxd3 Qd6 12. O-O O-O 13. Rfe1 Rfe8 14. c4 dxc4 15. Qxc4 Ne4 16. Rab1 g5 17. Rxe4 Rxe4 18.
Bxg5 hxg5 19. Nxg5 Re7 20. d5 Ne5 21. Qh4 Qg6 22.
f4 Nd7 23. f5 Qxf5 24. Rf1 Qg6 25. Rf3 Rae8 26. Rg3 Re1+ 27. Kh2 Ne5 28. Nf3 Nxf3+ 29. gxf3 R8e2+ 0-1

[Event "Late-Titled-Tuesday-Blitz-April-02-2024"]
[Site "Chess.com"]
[Date "2024.04.02"]
[Round "4"]
[White "jcibarra"]
[Black "Sanyura"]
[Result "1-0"]
[WhiteElo "2960"]
[BlackElo "2613"]
[TimeControl "180+1"]
[EndTime "14:37:18 PDT"]
[Termination "jcibarra won by resignation"]

1. e4 c5 2. Nf3 e6 3. d3 d5 4.
Qe2 Nc6 5. g3 Nf6 6. Bg2 Be7 7.
O-O O-O 8. e5 Nd7 9. c4 d4 10. h4 f5 11. exf6 Nxf6 12. Bf4 Bd6 13. Bxd6 Qxd6 14. Nbd2 e5 15. Ng5 Bf5 16. Nde4 Qe7 17.
Rfe1 h6 18. Nxf6+ Qxf6 19. Bd5+ Kh8 20. Ne4 Qg6 21. Nxc5 Nb4 22. Be4 b6 23. Bxf5 Rxf5 24. Ne4 Raf8 25. a3 Rxf2 26. h5 Rxe2 27. hxg6 Rxe1+ 28. Rxe1 Nxd3 29. Re2 Nc1 30. Rh2 Nd3 31. b4 Rc8 32. Nd6 Rc6 33. Ne4 Rxg6 34. Rd2 Nc1 35. Rf2 Kh7 36. Rf7 Nd3 37. Rxa7 Rg4 38. Nf6+ 1-0

[Event "Late-Titled-Tuesday-Blitz-April-02-2024"]
[Site "Chess.com"]
[Date "2024.04.02"]
[Round "4"]
[White "MasterSonnevanck23"]
[Black "Bilan_Danila"]
[Result "1-0"]
[WhiteElo "2403"]
[BlackElo "2568"]
[TimeControl "180+1"]
[EndTime "14:37:18 PDT"]
[Termination "MasterSonnevanck23 won by resignation"]

1. d4 d5 2. Nf3 Nf6 3. c4 c6 4. e3 e6 5. Bd3 Nbd7 6. b3 Ne4 7.
O-O f5 8. Ba3 Bxa3 9. Nxa3 O-O 10.
Nc2 Qf6 11. Be2 a5 12. Nce1 Nc3 13. Qc2 Nxe2+ 14. Qxe2 a4 15. Nd3 b6 16. Nfe5 Nxe5 17. Nxe5 c5 18. Rfe1 Bb7 19. Nd7 Qg6 20. Nxf8 Rxf8 21.
cxd5 Bxd5 22. f3 axb3 23. axb3 Bxb3 24. Reb1 Bd5 25. Rxb6 cxd4 26. exd4 h6 27. Re1 Re8 28. Kh1 Kh7 29. Qe5 Ra8 30. h3 Ra2 31. Re2 Ra1+ 32. Kh2 Bxf3 33. Qxe6 Bxe2 34. Qxg6+ 1-0

[Event "Late-Titled-Tuesday-Blitz-April-02-2024"]
[Site "Chess.com"]
[Date "2024.04.02"]
[Round "4"]
[White "emeli_chess"]
[Black "shirovin"]
[Result "1-0"]
[WhiteElo "2419"]
[BlackElo "2067"]
[TimeControl "180+1"]
[EndTime "14:37:18 PDT"]
[Termination "emeli_chess won on time"]

1. d4 Nf6 2. c4 e6 3. Nc3 Bb4 4. Qc2 O-O 5. a3 Bxc3+ 6. Qxc3 d5 7. Bg5 Nbd7 8. cxd5 exd5 9. e3 h6 10.
Bh4 c6 11. Bd3 Re8 12. Nf3 Nf8 13. Ne5 Ne4 14. Bxd8 Nxc3 15. Bh4 Na4 16. b3 Nb6 17. O-O f6 18. Ng6 Nxg6 19. Bxg6 Re7 20. Rac1 Nd7 21. Bg3 Nf8 22. Bd3 Ne6 23. b4 a6 24. a4 Ng5 25. Bd6 Re8 26. Bg6 Rd8 27. Bc7 Rd7 28. Bf4 Ne4 29. Rfd1 Re7 30. f3 Ng5 31. Kf2 Bd7 32. Bd6 Re6 33. Bf4 Nf7 34. Rc3 Re7 35. Rb1 b5 36. a5 Rb8 37. Bxb8 1-0

[Event "Late-Titled-Tuesday-Blitz-April-02-2024"]
[Site "Chess.com"]
[Date "2024.04.02"]
[Round "4"]
[White "KetiTsatsalashvili"]
[Black "2L8IWUN"]
[Result "1-0"]
[WhiteElo "2426"]
[BlackElo "2106"]
[TimeControl "180+1"]
[EndTime "14:37:19 PDT"]
[Termination "KetiTsatsalashvili won on time"]

1. d4 Nf6 2. Nf3 d5 3. c4 e6 4. a3 a6 5. e3 Nbd7 6. Nc3 b6 7. cxd5 exd5 8. Bd3 Bb7 9. O-O Bd6 10. b3 O-O 11.
Bb2 Qe7 12. b4 c5 13. bxc5 bxc5 14. dxc5 Nxc5 15. Bf5 g6 16. Bh3 Nce4 17. Nd4 Nxc3 18. Bxc3 Ne4 19. Bb2 Rab8 20. Qe2 f5 21. g3 Rfc8 22.
Bxf5 gxf5 23. Nxf5 Qe6 24. Qg4+ Qg6 25. Nh6+ Kf8 26. Qf3+ Ke7 27. Nf5+ Kd7 28. Nxd6 Nxd6 29. Bd4 Nf5 30. Be5 d4 31. e4 Nh4 32. Qd3 Qxe4 33.
Qxe4 Bxe4 34. gxh4 1-0

[Event "Late-Titled-Tuesday-Blitz-April-02-2024"]
[Site "Chess.com"]
[Date "2024.04.02"]
[Round "4"]
[White "N_I_Chess"]
[Black "rcmz"]
[Result "1-0"]
[WhiteElo "2379"]
[BlackElo "2200"]
[TimeControl "180+1"]
[EndTime "14:37:19 PDT"]
[Termination "N_I_Chess won on time"]

1. d4 d6 2. c4 Nd7 3. Nc3 h6 4. e4 c6 5. f4 g5 6. fxg5 Bg7 7. Nf3 Nf8 8. Bd3 Ne6 9. gxh6 Nxh6 10. Bc2 Qb6 11. Na4 Qb4+ 12. Nc3 Qxc4 13. Bb3 Qa6 14.
h3 Ng4 15. Rf1 Nf6 16. Be3 Qa5 17. Qd2 b5 18. e5 dxe5 19. Nxe5 Qc7 20. Rc1 Qd6 21.
Qf2 Rf8 22. Rd1 b4 23. Na4 Ba6 24. Rg1 Nd5 25. Bd2 Bxe5 26. Bxd5 Qxd5 27. dxe5 Qxe5+ 28. Qe3 Qxe3+ 29. Bxe3 1-0

[Event "Late-Titled-Tuesday-Blitz-April-02-2024"]
[Site "Chess.com"]
[Date "2024.04.02"]
[Round "4"]
[White "kingofthenil"]
[Black "GoValya"]
[Result "1-0"]
[WhiteElo "2785"]
[BlackElo "2232"]
[TimeControl "180+1"]
[EndTime "14:37:20 PDT"]
[Termination "kingofthenil won by checkmate"]

1. e4 e6 2. c4 b6 3. Nc3 Bb4 4.
Nge2 Bxc3 5. Nxc3 Bb7 6. d4 Ne7 7. h4 d5 8. cxd5 exd5 9. e5 c5 10. Qg4 cxd4 11. Nb5 O-O 12. h5 Bc8 13. Qf3 f6 14. e6 Bxe6 15. h6 g6 16. Nxd4 Bf5 17.
Bd3 Bxd3 18. Qxd3 Qd6 19. O-O Nbc6 20. Nb5 Qe5 21. Bd2 a6 22. Rfe1 Qf5 23. Qxf5 Nxf5 24. Nc7 Ra7 25. Bf4 Ncd4 26. Rad1 g5 27. Bh2 Kf7 28.
Nxd5 Kg6 29. Kf1 Kxh6 30. g4 Kg6 31. gxf5+ Nxf5 32. Re6 Rd7 33. Nf4+ gxf4 34. Rxd7 Rc8 35. Bxf4 Rc2 36. Re2 Rc6 37. Rc7 Rxc7 38. Bxc7 h5 39. Bxb6 h4 40. Kg2 Kg5 41. Kh3 Ng7 42. Re3 f5 43.
Ra3 Nh5 44. Rxa6 Nf4+ 45. Kh2 Kg4 46. Ra4 h3 47. Rxf4+ Kxf4 48. Kxh3 Kf3 49. a4 f4 50. a5 Ke2 51. a6 f3 52. a7 Kf1 53. a8=Q Ke2 54.
Qe4+ Kf1 55. Qd3+ Kg1 56. Qb1# 1-0

[Event "Late-Titled-Tuesday-Blitz-April-02-2024"]
[Site "Chess.com"]
[Date "2024.04.02"]
[Round "4"]
[White "Good_Knight_Kiss"]
[Black "bilelou"]
[Result "1-0"]
[WhiteElo "2510"]
[BlackElo "2630"]
[TimeControl "180+1"]
[EndTime "14:37:21 PDT"]
[Termination "Good_Knight_Kiss won by resignation"]

1. e4 c5 2. Nf3 g6 3. d4 cxd4 4. Qxd4 Nf6 5. e5 Nc6 6. Qa4 Nd5 7. Qe4 Nc7 8. Nc3 Bg7 9. Bf4 Ne6 10. Bg3 a6 11.
O-O-O b5 12. h4 h5 13. Kb1 Bb7 14. Qd5 Rc8 15. Ne4 Na5 16. Qd3 Qc7 17. Neg5 O-O 18. c3 Rfd8 19. Be2 Nc4 20. Rhe1 Nc5 21. Qc2 Ne6 22.
Nxe6 dxe6 23. Rxd8+ Rxd8 24. Rd1 Rxd1+ 25. Qxd1 Be4+ 26.
Ka1 Bd5 27. Qd4 a5 28. b3 Na3 29. Kb2 b4 30. c4 f6 31. exf6 Qc6 32. fxg7 a4 33.
Ne5 Qc8 34. Qe3 axb3 35. axb3 Qa8 36. Qd2 Nxc4+ 37. Nxc4 Qa3+ 38. Nxa3 bxa3+ 39. Kxa3 1-0

[Event "Late-Titled-Tuesday-Blitz-April-02-2024"]
[Site "Chess.com"]
[Date "2024.04.02"]
[Round "4"]
[White "Sanan_Sjugirov"]
[Black "Oleg_Papayan"]
[Result "0-1"]
[WhiteElo "2966"]
[BlackElo "2707"]
[TimeControl "180+1"]
[EndTime "14:37:22 PDT"]
[Termination "Oleg_Papayan won on time"]

1. d4 d5 2. c4 dxc4 3. Nf3 Nf6 4. e3 a6 5. Bxc4 e6 6. O-O b5 7. Bd3 Bb7 8. a4 b4 9. b3 Nbd7 10. Bb2 c5 11. Nbd2 Be7 12. Rc1 O-O 13. Qe2 cxd4 14.
Bxd4 Nd5 15. Nc4 Qb8 16. Nfe5 Nxe5 17. Bxe5 Qd8 18. Rfd1 Bf6 19. Qh5 g6 20. Qh6 Rc8 21. Be4 Bxe5 22. Nxe5 Rxc1 23. Rxc1 Nc3 24. Bxb7 Ne2+ 25.
Kh1 Nxc1 26. h4 Qc7 27. Nf3 Qxb7 28. Ng5 f6 29. Nxe6 Re8 30. Nd4 Qe4 31. Kg1 Nd3 32. h5 Ne1 0-1

[Event "Late-Titled-Tuesday-Blitz-April-02-2024"]
[Site "Chess.com"]
[Date "2024.04.02"]
[Round "4"]
[White "TheoSlade"]
[Black "Resignify"]
[Result "1-0"]
[WhiteElo "2392"]
[BlackElo "2242"]
[TimeControl "180+1"]
[EndTime "14:37:22 PDT"]
[Termination "TheoSlade won by resignation"]

1. d4 Nf6 2. c4 g6 3. Nc3 Bg7 4. e4 d6 5. Nf3 O-O 6. Be2 e5 7. Be3 d5 8. cxd5 exd4 9. Nxd4 Re8 10. f3 Nbd7 11. O-O Ne5 12. Rc1 a6 13. Qd2 Bd7 14. Rfd1 Qe7 15. Bg5 Qc5 16. Na4 Qa7 17. Nc5 Bc8 18. f4 Ned7 19. Nxd7 Nxe4 20. Qd3 Bxd7 21. Kf1 Nxg5 22. fxg5 Bxd4 23. Qxd4 Qxd4 24. Rxd4 Rac8 25. Rb4 b5 26. Rb3 Re5 27. Bf3 Rxg5 28. Rbc3 Re5 29. Rxc7 Rxc7 30. Rxc7 Bf5 31. d6 Re8 32. Ra7 Rd8 33.
Rxa6 Be6 34. b3 Kf8 35. Kf2 Ke8 36. Bc6+ Kf8 37. Bxb5 Rb8 38. Bc6 Rd8 39. Ra8 Rxa8 40. Bxa8 Ke8 41. Bc6+ Kd8 42. Ke3 Bf5 43. Kd4 Bb1 44. a4 Ba2 45. b4 Be6 46. a5 1-0

[Event "Late-Titled-Tuesday-Blitz-April-02-2024"]
[Site "Chess.com"]
[Date "2024.04.02"]
[Round "4"]
[White "Bala-Afiada"]
[Black "Yushko_Olga"]
[Result "1-0"]
[WhiteElo "1968"]
[BlackElo "2233"]
[TimeControl "180+1"]
[EndTime "14:37:25 PDT"]
[Termination "Bala-Afiada won by resignation"]

1. d4 e6 2. c4 Nf6 3. Nf3 d5 4. Qc2 Be7 5. g3 O-O 6. Bg2 dxc4 7. Qxc4 c6 8. O-O b5 9. Qc2 Bb7 10. Rd1 Qb6 11. Nc3 a5 12. e4 Na6 13.
e5 Nd5 14. Ne4 c5 15. Bg5 Nab4 16. Qb1 c4 17. Bxe7 Nxe7 18. a3 Nd3 19. Nd6 Bxf3 20.
Bxf3 Qxd4 21. Rxd3 cxd3 22. Bxa8 Rxa8 23. Nxb5 Qc4 24.
Nd6 Qd4 25. Qe1 Nc6 26. Qe4 Qxe4 27. Nxe4 Nxe5 28. Rd1 Rd8 29. f4 Nc4 30. b4 Nxa3 31. bxa5 Nb5 32. Nc5 d2 33. Nb3 Nd4 34. Nxd4 Rxd4 35.
a6 Kf8 36. a7 Rd8 37. Rxd2 Ra8 38. Rd7 Ke8 39. Rb7 1-0

[Event "Late-Titled-Tuesday-Blitz-April-02-2024"]
[Site "Chess.com"]
[Date "2024.04.02"]
[Round "4"]
[White "picturesquecheck"]
[Black "Navyblue1"]
[Result "0-1"]
[WhiteElo "2389"]
[BlackElo "2274"]
[TimeControl "180+1"]
[EndTime "14:37:26 PDT"]
[Termination "Navyblue1 won by resignation"]

1. e4 c5 2. Nf3 d6 3. Bb5+ Nd7 4. a4 a6 5. Be2 Ngf6 6. Nc3 g6 7. O-O Bg7 8. d3 O-O 9. a5 Rb8 10. h3 b5 11.
axb6 Rxb6 12. Na4 Rb8 13. Bd2 Bb7 14. Bc3 e5 15. b3 d5 16. exd5 Nxd5 17. Bb2 Re8 18.
Re1 Qc7 19. Bf1 Rbc8 20. g3 Rcd8 21. Qe2 N5b6 22. Bg2 Nxa4 23. Rxa4 e4 24. Bxg7 exf3 25. Qxe8+ Rxe8 26. Rxe8+ Kxg7 27. Bf1 Nf6 28. Re3 Qd6 29. Re1 Nh5 30. Kh2 f5 31. c3 Nxg3 32. fxg3 f2 33. Re3 Qc6 34. Re7+ Kh6 35. Rh4+ Kg5 36. Rxb7 Qxb7 37. Rf4 Qxb3 38. h4+ Kf6 39. Re4 fxe4 0-1

[Event "Late-Titled-Tuesday-Blitz-April-02-2024"]
[Site "Chess.com"]
[Date "2024.04.02"]
[Round "4"]
[White "alexrustemov"]
[Black "prime-morty"]
[Result "1-0"]
[WhiteElo "2877"]
[BlackElo "2594"]
[TimeControl "180+1"]
[EndTime "14:37:27 PDT"]
[Termination "alexrustemov won by resignation"]

1. d4 d5 2. c4 e6 3. Nc3 a6 4. cxd5 exd5 5. Nf3 Nf6 6. Bf4 Bd6 7. Bxd6 Qxd6 8.
Qc2 O-O 9. h3 Re8 10. e3 c5 11.
dxc5 Qxc5 12. Bd3 Nc6 13. O-O Ne4 14. Rac1 Nb4 15. Qe2 Nxd3 16. Qxd3 Nxc3 17. Rxc3 Qa5 18. a3 Be6 19. Rfc1 h6 20. Nd4 Rac8 21. Ne2 Rxc3 22. Nxc3 Rc8 23. Rd1 Rd8 24. Qd4 Rd7 25. Rd2 Qc7 26.
Ne2 g5 27. g4 Qd8 28. Ng3 Qe7 29. Nh5 f5 30. Nf6+ Kf7 31. Nxd7 Qxd7 32. gxf5 Bxf5 33. Qxd5+ Qxd5 34. Rxd5 Bxh3 35. Rd6 Kg7 36. Rb6 Bc8 37. f3 h5 38. Kg2 g4 39. Kg3 gxf3 40. Kxf3 Kf7 41.
Kg3 Ke7 42. Kh4 Kd7 43. Kxh5 Kc7 44. Rh6 Bd7 45. Kg5 Bc6 46. Kf4 Kb6 47. e4 Kb5 48. e5 1-0

[Event "Late-Titled-Tuesday-Blitz-April-02-2024"]
[Site "Chess.com"]
[Date "2024.04.02"]
[Round "4"]
[White "Josetricks"]
[Black "Mikhal867"]
[Result "1-0"]
[WhiteElo "2662"]
[BlackElo "2519"]
[TimeControl "180+1"]
[EndTime "14:37:27 PDT"]
[Termination "Josetricks won by resignation"]

1. c4 c5 2. Nf3 Nf6 3. Nc3 d5 4. cxd5 Nxd5 5. e3 Nc6 6. Bc4 Nb6 7. Be2 g6 8. d4 cxd4 9. exd4 Bg7 10. Be3 O-O 11. O-O Bg4 12. d5 Nb4 13. h3 Bxf3 14. Bxf3 Bxc3 15. Bxb6 Qxb6 16. bxc3 Na6 17. Rb1 Qa5 18.
Rxb7 Qxc3 19. Rxe7 Qa3 20. Qe2 Nc5 21. Rd1 Rad8 22. d6 Na4 23. Rd3 Qc1+ 24. Qd1 Qxd1+ 25. Rxd1 Nc3 26. Rd2 Nb5 27. d7 Kg7 28. a4 Nc7 29.
Rd6 Rb8 30. Kh2 Rfd8 31. Bd5 Nxd5 32. Rxd5 Kf6 33. Re3 Rb7 34. Rd6+ Kg7 35. Red3 Kf8 36. R6d4 Ke7 37. Re3+ Kf6 38. Rf4+ Kg7 39. Re7 Rf8 40.
d8=Q Rxd8 41. Rxb7 1-0

[Event "Late-Titled-Tuesday-Blitz-April-02-2024"]
[Site "Chess.com"]
[Date "2024.04.02"]
[Round "4"]
[White "jaskol95"]
[Black "AlexeiShirov"]
[Result "1-0"]
[WhiteElo "2538"]
[BlackElo "2797"]
[TimeControl "180+1"]
[EndTime "14:37:28 PDT"]
[Termination "jaskol95 won by resignation"]

1. d4 d5 2. Nc3 e6 3. e4 Nf6 4. e5 Nfd7 5. f4 c5 6. Nf3 Nc6 7. Be3 Be7 8. Qd2 a6 9. dxc5 Nxc5 10. Qf2 Qa5 11. O-O-O Ne4 12. Nxe4 dxe4 13. Nd2 Qxa2 14. Bc4 Qa1+ 15. Nb1 b5 16. Bb3 Na5 17. Bb6 Nxb3+ 18. cxb3 Bb7 19. Kc2 Rc8+ 20. Nc3 Qxd1+ 21. Kxd1 O-O 22.
Qe3 b4 23. Nxe4 Rc6 24. Nd6 Bxd6 25. exd6 Rxd6+ 26. Ke2 Rc8 27. Rc1 Rxc1 28. Qxc1 Rc6 29. Qd2 h6 30. Bd4 a5 31. Kf2 Rd6 32. Qe3 f6 33. g3 Kf7 34. Bc5 Rd5 35. Bb6 Bc6 36. Qc1 Bb5 37. Qc7+ Kg6 38. Be3 Rd3 39. g4 Rxb3 40.
Qc2+ Rd3 41. Ke2 b3 42. Qxd3+ Bxd3+ 43. Kxd3 h5 44. g5 fxg5 45. fxg5 Kf5 46. Kc4 Ke4 47. Bd2 a4 48. Kb4 Kd3 49. Bc3 g6 50. Kxa4 Kc4 51. Ka3 1-0

[Event "Late-Titled-Tuesday-Blitz-April-02-2024"]
[Site "Chess.com"]
[Date "2024.04.02"]
[Round "4"]
[White "wild3000"]
[Black "Sinquefield"]
[Result "1-0"]
[WhiteElo "2392"]
[BlackElo "2536"]
[TimeControl "180+1"]
[EndTime "14:37:28 PDT"]
[Termination "wild3000 won by resignation"]

1. e4 d5 2. exd5 Nf6 3. d4 Nxd5 4. c4 Nb6 5. c5 Nd5 6. Nc3 e6 7. Nf3 Be7 8. Bc4 O-O 9. O-O Bf6 10. Ne4 Be7 11. a3 Nc6 12. b4 a6 13. Bb2 b5 14.
Bd3 g6 15. Ne5 Bb7 16. Re1 Nf4 17. Bc2 f5 18. d5 Qxd5 19. Qxd5 Nxd5 20. Nd2 Bf6 21.
Ndf3 Nxe5 22. Bxe5 Bxe5 23. Nxe5 Rad8 24. Bb3 Nf4 25.
c6 Bc8 26. g3 Nd5 27. f4 Nf6 28. a4 Ne4 29. axb5 axb5 30. Ra7 Rd4 31. Rxc7 Rxb4 32. Ba2 Nd6 33. Rd1 Nc4 34. Nd7 Bxd7 35. cxd7 Rb2 36. d8=Q Rxa2 37. Qe7 1-0

[Event "Late-Titled-Tuesday-Blitz-April-02-2024"]
[Site "Chess.com"]
[Date "2024.04.02"]
[Round "4"]
[White "Blackwhite017"]
[Black "BebeBonito2022"]
[Result "0-1"]
[WhiteElo "2066"]
[BlackElo "2285"]
[TimeControl "180+1"]
[EndTime "14:37:28 PDT"]
[Termination "BebeBonito2022 won on time"]

1. e4 e5 2. Nf3 Nc6 3. Bc4 Nf6 4. d3 Bc5 5. Nbd2 a6 6. h3 h6 7. g4 d6 8. Rg1 Na5 9. c3 Nxc4 10. Nxc4 Be6 11.
Ne3 g6 12. Bd2 Qd7 13. d4 Nxe4 14. dxc5 Nxc5 15. Qe2 e4 16. Nd4 Nd3+ 17. Kf1 Nxb2 18. Rb1 Nd3 19. Rxb7 Bxa2 20. f3 Nf4 21. Qh2 g5 22. fxe4 O-O-O 23. Rb2 Qa4 24. Nef5 Bc4+ 25. Kf2 Nd3+ 26. Ke3 Nxb2 27. Rb1 Nd1+ 28. Rxd1 Qxd1 29. Qg2 Rhe8 30. e5 Qb1 0-1

[Event "Late-Titled-Tuesday-Blitz-April-02-2024"]
[Site "Chess.com"]
[Date "2024.04.02"]
[Round "4"]
[White "Rodalquilar"]
[Black "Slovak_fighter2000"]
[Result "1-0"]
[WhiteElo "2735"]
[BlackElo "2564"]
[TimeControl "180+1"]
[EndTime "14:37:29 PDT"]
[Termination "Rodalquilar won by checkmate"]

1. d4 Nf6 2. Nf3 d5 3. Bf4 c5 4. e3 Nc6 5. c3 Qb6 6. Qc2 g6 7.
h3 Bg7 8. Nbd2 Bf5 9. dxc5 Bxc2 10. cxb6 axb6 11. Bb5 Bf5 12. O-O O-O 13. a3 Ne4 14.
Bc7 Nxd2 15. Nxd2 Ra5 16. a4 e5 17. Bxb6 Raa8 18. Nb3 Na7 19. Be2 Nc8 20. Bc5 Rd8 21.
a5 Bf8 22. Rfd1 Be6 23. Bxf8 Kxf8 24. Nc5 b6 25. axb6 Nxb6 26. b4 Ke7 27. g4 f5 28. Kg2 Rxa1 29. Rxa1 Ra8 30. Ra5 Rxa5 31. bxa5 Nc8 32. Nxe6 Kxe6 33. f4 Na7 34. Bd1 fxg4 35.
hxg4 Kd6 36. Bb3 h5 37. g5 Nb5 38. a6 exf4 39. exf4 Kc7 40. c4 dxc4 41. Bxc4 Nd6 42. Bd3 Kb6 43. Kg3 Nc8 44. Bxg6 Kxa6 45. Bxh5 Kb6 46. g6 Ne7 47. Kg4 Ng8 48. Kg5 Kc7 49.
f5 Kd7 50. f6 Ke8 51. f7+ Kf8 52. fxg8=Q+ Kxg8 53. Kh6 Kh8 54. Bg4 Kg8 55. Be6+ Kh8 56. g7# 1-0